 Dungeon Crawl Stone Soup version 0.21.0-3-g78d12a8bdd (webtiles) character file.

273129 Jannitor the Unseen (level 20, -3/113 HPs)
             Began as a Vine Stalker Conjurer on Jan 10, 2018.
             Was an Elder of Uskayaw.
             Shot with an arrow by a deep elf master archer (10 damage)
             ... on level 3 of the Elven Halls on Jan 11, 2018.
             The game lasted 02:30:52 (43142 turns).

Jannitor the Unseen (Vine Stalker Conjurer)        Turns: 43142, Time: 02:30:53

Health: -3/113     AC: 21    Str: 14    XL:     20   Next: 68%
Magic:  0/31       EV: 18    Int: 26    God:    Uskayaw [****..]
Gold:   442        SH: 15    Dex: 23    Spells: 10/23 levels left

rFire    + + .     SeeInvis .   S - +2 short sword (distort)
rCold    + + .     Gourm    .   h - +2 shield "Icoeros" {+Fly}
rNeg     + . .     Faith    +   P - +0 swamp dragon scales
rPois    +         Spirit   +   C - +2 helmet
rElec    +         Reflect  .   x - +0 cloak
rCorr    +         Harm     .   E - +2 pair of gloves {archery}
MR       +++..     Rnd*Rage +   y - +2 pair of boots
Stlth    +++++++...             T - amulet of faith
HPRegen  2.08/turn              u - ring "Viffes" {rN+ MR+ Int+6}
MPRegen  0.22/turn              b - ring of protection from cold

@: brilliant, about to teleport, resistant, regenerating (expiring), studying
Stealth
A: fangs 3, agile 1, berserk 1, fire resistance 1, regeneration 2, magic shield,
antimagic bite, no potion heal 3, rot immunity
}: 1/15 runes: decaying
a: Stomp, Line Pass, Renounce Religion, Evoke Flight


You were on level 3 of the Elven Halls.
You worshipped Uskayaw.
Uskayaw was pleased with you.
You were not hungry.

You visited 6 branches of the dungeon, and saw 34 of its levels.
You also visited: Labyrinth.

You collected 3551 gold pieces.
You spent 3109 gold pieces at shops.

Inventory:

Hand Weapons
 n - a +3 quick blade of venom
 w - the +8 short sword "Nynair" {holy, rElec Dex+3}
   (You found it on level 1 of the Elven Halls)

   It has been blessed by the Shining One to cause great damage to the undead
   and demons.
   It affects your dexterity (+3).
   It insulates you from electricity.
 S - a +2 short sword of distortion (weapon)
Armour
 h - the +2 shield "Icoeros" (worn) {+Fly}
   (You acquired it on level 4 of the Vaults)

   It lets you fly.
 l - the +0 ring mail of the Sea {rCorr Str+2 Stlth+}
   (You found it on level 2 of the Lair of Beasts)

   It affects your strength (+2).
   It protects you from acid and corrosion.
   It makes you more stealthy.
 x - a +0 cloak (worn)
 y - a +2 pair of boots (worn)
 C - a +2 helmet (worn)
 E - a +2 pair of gloves of archery (worn)
 I - the +0 scale mail "Aceozipn" {rF++ Str+3 Dex-4}
   (You found it on level 7 of the Dungeon)

   It affects your strength (+3).
   It affects your dexterity (-4).
   It greatly protects you from fire.
 K - the cursed +0 large shield "Omydon" {rF+ rC+}
   (You took it off Louise on level 1 of the Swamp)

   It protects you from fire.
   It protects you from cold.
   It has a curse placed upon it.
 P - +0 swamp dragon scales (worn)
Jewellery
 b - a ring of protection from cold (right hand)
 m - an uncursed amulet of regeneration
 u - the ring "Viffes" (left hand) {rN+ MR+ Int+6}
   (You found it on level 10 of the Dungeon)

   [ring of positive energy]

   It affects your intelligence (+6).
   It protects you from negative energy.
   It affects your resistance to hostile enchantments.
 R - a +2 amulet of reflection
 T - an amulet of faith (around neck)
 X - an uncursed amulet of rage
Wands
 p - a wand of flame (90)
 r - a wand of paralysis (39)
 v - a wand of enslavement (30)
 B - a wand of disintegration (114)
 D - a wand of iceblast (40)
 H - a wand of random effects (17)
 L - a wand of polymorph (13)
 Z - a wand of digging (23)
Scrolls
 a - 2 scrolls of silence
 d - 16 scrolls of remove curse
 e - 3 scrolls of magic mapping
 f - 6 scrolls of amnesia
 k - a scroll of blinking
 q - 4 scrolls of fear
 G - 4 scrolls of enchant armour
 J - 12 scrolls of identify
 O - 5 scrolls of fog
Potions
 i - 3 potions of ambrosia
 o - 8 potions of flight
 s - 6 potions of lignification
 F - 5 potions of curing
 M - 5 potions of cancellation
 V - a potion of might
Books
 g - a manual of Stealth
Miscellaneous
 t - 2 boxes of beasts
 N - a fan of gales
 W - 4 phantom mirrors
Comestibles
 c - 49 rations
 z - 3 chunks of flesh


   Skills:
 * Level 15.0 Fighting
 - Level 12.0 Short Blades
 - Level 10.0 Armour
 + Level 9.8 Dodging
 + Level 19.2 Stealth
 * Level 11.5 Shields
 - Level 2.1 Spellcasting
 - Level 4.0 Conjurations
 - Level 14.1 Invocations
 + Level 10.4 Evocations


You had 10 spell levels left.
You knew the following spells:

 Your Spells              Type           Power        Failure   Level  Hunger
a - Magic Dart            Conj           ####         1%          1    None
b - Ozocubu's Armour      Chrm/Ice       ###.....     10%         3    ###....
c - Regeneration          Chrm/Necr      ###.......   10%         3    ###....
d - Apportation           Tloc           ###...       3%          1    None
e - Alistair's Intoxicat  Tmut/Pois      ###.....     56%         5    ######.


Dungeon Overview and Level Annotations

Branches:
Dungeon (15/15)            Temple (0/1) D:7            Lair (6/6) D:8
  Swamp (4/4) Lair:3        Snake (0/4) Lair:2        Slime (0/5) Lair:5
    Orc (2/2) D:10            Elf (3/3) Orc:2        Vaults (4/5) D:14
  Crypt (0/3) Vaults:3     Depths (0/5) D:15

Altars:
Ashenzari
Dithmenos
Fedhas
Gozag
Hepliaklqana
Kikubaaqudgha
Makhleb
Okawaru
Qazlal
Sif Muna
Uskayaw
Vehumet
Xom
Zin
Jiyva

Shops:
Orc:2 :(!?   Elf:1 *   Elf:3 *   Vaults:1 }   Vaults:3 }

Portals:
Pandemonium: Orc:2
Trove: D:14 (give +6 demon blade)

Annotations:
D:9 exclusion: ice statue
D:13 1 transporter, Snorg
Lair:1 exclusion: oklob plant
Lair:5 1 runed door
Orc:1 exclusion: door
Elf:2 3 runed doors
Elf:3 Nikola
Abyss:1 Asterion, Gastronok


Innate Abilities, Weirdness & Mutations

You have razor-sharp teeth.
You heal very quickly.
When hurt, damage is shared between your health and your magic reserves.
Your bite disrupts and absorbs the magic of your enemies.
Potions cannot restore your health.
You are immune to rotting.
You are agile. (Dex +2)
You tend to lose your temper in combat.
Your flesh is heat resistant. (rF+)


Message History

Nikola is moderately wounded.
Nikola falters for a moment.
The deep elf master archer shoots an arrow.
The arrow hits you!!!
* * * LOW HITPOINT WARNING * * *
You hit Nikola but do no damage.
Nikola seems more stable.
You bite Nikola!
Nikola's magic leaks into the air.
You drain his magic.
You feel invigorated.
Nikola is heavily wounded.
The deep elf demonologist gestures wildly while chanting.
The deep elf mage gestures at you while chanting.
The bolt of fire hits you! You resist.
* * * LOW HITPOINT WARNING * * *
Nikola falters for a moment.
You block the Ice Fiend's attack. The Ice Fiend claws you!
* * * LOW HITPOINT WARNING * * *
The Ice Fiend freezes you! You resist.
* * * LOW HITPOINT WARNING * * *
The deep elf master archer shoots an arrow.
The arrow hits you!!
You die...

## #...# ....## #e# #.... .#
#.####.###.....##[##.....# .#
#.####..#. #...)[[e....# .#
#.#.##....#.#..[()3e..## ##
#.#.##...2.##...[.....# #
#.#.##............[..e... ##
#...##...2ex............e.
.########.##....1@e.............
#.........##....@.E§§§§.........
##..###...###.(.(...............
#.#.##....# ##......e......⌠..
.##.##....# ##:......##.
....##....###.......##
#######...##)......## #
##..##......## # ##.######### #
###


You could see Nikola, an Ice Fiend, a cacodemon, a reaper, a deep elf master
archer, a deep elf demonologist, a deep elf mage, a fire elemental and a small
abomination.

Vanquished Creatures
  A tentacled monstrosity (Swamp:4)
  A deep elf master archer (Elf:3)
  2 deep elf blademasters
  Kirke (Swamp:1)
  2 sphinxes
  The ghost of Roak the Geomancer, an adept GrEE of Vehumet (D:15)
  2 fire giants
  A frost giant (Vaults:3)
  4 deep elf sorcerers (Elf:3)
  Louise (Swamp:1)
  An orc warlord (Orc:2)
  6 vault wardens
  3 deep elf elementalists (Elf:3)
  A ghoul (Vaults:2)
  3 ironheart preservers
  4 stone giants
  An entropy weaver (Vaults:2)
  3 very ugly things
  3 deep elf demonologists (Elf:3)
  2 deep elf annihilators (Elf:3)
  2 ettins
  A deep elf death mage (Elf:3)
  A green death (Swamp:4)
  A fire dragon (Vaults:2)
  3 deep elf high priests (Elf:3)
  4 yaktaur captains
  Fannar (Lair:1)
  2 vault guards
  A great orb of eyes (Vaults:3)
  10 hydras
  An ice dragon (D:15)
  An anaconda (shapeshifter) (D:13)
  3 death knights
  7 centaur warriors
  14 dancing weapons
  An alligator (Swamp:3)
  3 ghost crabs (Swamp:1)
  17 two-headed ogres
  4 ogre magi
  3 death yaks (Lair:6)
  Sonja (Lair:1)
  5 orc high priests
  A storm dragon zombie (Vaults:3)
  A sun demon (Orc:2)
  20 deep elf knights
  Nergalle (Orc:1)
  An unseen horror (Vaults:1)
  3 skeletal warriors (Vaults:1)
  2 large abominations (Swamp:4)
  3 swamp dragons (Swamp:3)
  2 deep trolls (Vaults:4)
  A gelid demonspawn (Orc:2)
  5 spriggan druids
  23 deep elf archers
  2 flayed ghosts
  A deep troll (shapeshifter) (Vaults:1)
  2 phantasmal warriors
  6 wizards
  A sphinx zombie (Vaults:3)
  A lindwurm (shapeshifter) (Vaults:3)
  3 harpies (Vaults:1)
  8 ironbrand convokers
  4 necromancers
  10 orc knights
  8 cyclopes
  45 deep elf magi
  3 wolf spiders
  2 manticores
  7 orc sorcerers
  The ghost of Noxor the Sneak, a novice SpEn of Yredelemnul (D:8)
  A moth of wrath (shapeshifter) (Vaults:1)
  16 ugly things
  A frost giant zombie (Vaults:1)
  3 elephants (Lair:6)
  4 apocalypse crabs (Swamp:1)
  2 guardian serpents (shapeshifter)
  6 black mambas
  Psyche (D:11)
  A gargoyle (D:11)
  Joseph (D:9)
  6 vault sentinels
  A spiny frog (shapeshifter) (Vaults:1)
  4 orange demons
  22 spiny frogs
  4 komodo dragons
  A rime drake (Lair:2)
  A komodo dragon (shapeshifter) (Elf:2)
  24 yaktaurs
  An ice devil (Orc:2)
  7 trolls
  4 freezing wraiths
  A wind drake (shapeshifter) (D:15)
  A jumping spider (shapeshifter) (Vaults:4)
  A hornet (shapeshifter) (Elf:1)
  A polar bear (Lair:6)
  A meliai (shapeshifter) (D:15)
  8 tyrant leeches
  Grinder (D:4)
  A harpy skeleton (D:15)
  22 blink frogs
  A raiju (shapeshifter) (D:15)
  A frost giant simulacrum (Vaults:4)
  7 bog bodies
  11 hornets
  A blink frog (shapeshifter) (Vaults:1)
  28 slime creatures
  An ettin skeleton (Vaults:3)
  A fire giant simulacrum (Vaults:2)
  6 hippogriffs
  2 human simulacra
  A spriggan (shapeshifter) (Vaults:2)
  2 spriggans (Swamp:1)
  3 water elementals
  3 air elementals
  5 shadows
  15 wyverns
  5 wraiths
  A hog (shapeshifter) (D:15)
  8 redbacks
  A vampire (D:9)
  4 hogs (D:8)
  41 yaks
  4 hungry ghosts
  19 humans
  7 basilisks
  3 fire elementals
  7 vampire mosquitoes
  9 swamp worms
  5 wargs
  A soldier ant (D:15)
  An ogre zombie (Vaults:1)
  13 insubstantial wisps
  An acid dragon (D:15)
  41 water moccasins
  8 porcupines
  36 orc warriors
  A hornet zombie (D:15)
  A human zombie (Vaults:4)
  2 necrophages
  4 swamp drakes
  A black bear (shapeshifter) (D:15)
  2 black bears
  2 sky beasts
  An elf zombie (Vaults:4)
  7 ice beasts
  An eye of draining (shapeshifter) (Elf:1)
  2 phantoms
  A wolf (Vaults:2)
  20 ogres
  3 boggarts (Vaults:3)
  28 centaurs
  2 human skeletons
  12 crocodiles
  2 big kobolds
  9 bullfrogs
  2 earth elementals
  An ogre simulacrum (Vaults:1)
  4 scorpions
  9 wights
  2 troll skeletons (Lab)
  3 electric eels
  3 howler monkeys
  5 crimson imps
  2 bullfrog zombies
  2 centaur zombies
  12 hounds
  25 orc priests
  3 jellies
  30 orc wizards
  4 centaur skeletons
  4 iguanas
  A killer bee zombie (D:10)
  8 worker ants
  An ogre skeleton (Lab)
  3 hound skeletons
  A hound zombie (D:7)
  A killer bee simulacrum (D:10)
  Robin (D:3)
  7 gnolls
  29 adders
  A howler monkey skeleton (D:8)
  5 shadow imps
  2 oozes (D:3)
  An adder zombie (D:8)
  17 worms
  2 adder skeletons (D:4)
  2 dart slugs (D:1)
  6 leopard geckos
  91 orcs
  2 ball pythons
  4 giant cockroaches
  18 goblins
  8 hobgoblins
  5 jackals
  2 quokkas
  11 bats
  8 frilled lizards
  13 kobolds
  A quokka skeleton (D:6)
  12 rats
  A crawling corpse (Elf:3)
1223 creatures vanquished.

Vanquished Creatures (collateral kills)
  A sphinx (Vaults:2)
  A stone giant (Vaults:2)
  A vault guard (Vaults:2)
  An ice dragon (Vaults:2)
  A deep troll earth mage (Vaults:4)
  3 deep trolls
  An orc warrior (Vaults:2)
9 creatures vanquished.

Vanquished Creatures (others)
  A frost giant (Vaults:1)
  A fire giant (Vaults:3)
  A vault warden (Vaults:2)
  The ghost of surr the Destroyer, a journeyman NaAE of Sif Muna (Lair:6)
  3 deep elf elementalists (Elf:3)
  A war gargoyle (Vaults:2)
  A stone giant (Vaults:4)
  A deep elf annihilator (Elf:3)
  An ettin (Vaults:1)
  A fire dragon (Vaults:1)
  A green death (Swamp:4)
  4 hydras
  A vault guard (D:14)
  An ice dragon (Vaults:4)
  A centaur warrior (D:14)
  A death knight (Vaults:2)
  A ghost crab (Swamp:3)
  An ogre mage (Vaults:3)
  9 two-headed ogres
  A death yak (Lair:6)
  An orc high priest (Orc:2)
  A deep elf knight (Vaults:3)
  An infernal demonspawn (Orc:2)
  A gelid demonspawn (Orc:2)
  2 deep elf archers
  2 shambling mangroves
  A swamp dragon (Swamp:4)
  A harpy (Vaults:1)
  3 ironbrand convokers
  2 necromancers
  11 deep elf magi
  2 manticores (D:15)
  2 ugly things
  An orc sorcerer (Orc:2)
  An elephant (Lair:6)
  2 black mambas (Lair:6)
  2 centaur zombies
  A vault sentinel (Vaults:1)
  An orange demon (Swamp:4)
  3 yaktaurs
  6 spiny frogs
  A freezing wraith (D:15)
  A komodo dragon (Swamp:2)
  An ice devil (Orc:2)
  2 bog bodies
  2 hornets
  3 hippogriffs
  4 slime creatures
  4 blink frogs
  An air elemental (Elf:1)
  3 humans
  2 wraiths
  3 wyverns
  A basilisk (shapeshifter) (D:15)
  4 yaks (Lair:6)
  A neqoxec (Orc:2)
  2 vampire mosquitoes
  An insubstantial wisp (Swamp:1)
  3 swamp worms
  7 water moccasins
  A warg (Elf:3)
  A porcupine (Lair:2)
  6 orc warriors
  3 centaurs
  A crocodile (Lair:5)
  A bullfrog (D:15)
  A crimson imp (D:13)
  An orc priest (Orc:2)
  An adder (Lair:3)
  A worm (Lair:3)
  2 orcs
  3 crawling corpses (Elf:3)
  22 fungi
  13 plants
183 creatures vanquished.

Grand Total: 1415 creatures vanquished

Notes
Turn   | Place    | Note
-------+----------+-------------------------------------------
     0 | D:1      | Jannitor the Vine Stalker Conjurer began the quest for the Orb.
     0 | D:1      | Reached XP level 1. HP: 9/9 MP: 4/4
   333 | D:1      | Reached XP level 2. HP: 9/14 MP: 1/6
   339 | D:1      | Reached skill level 3 in Stealth
   353 | D:1      | Reached skill level 1 in Fighting
   998 | D:1      | Reached XP level 3. HP: 17/18 MP: 4/7
  1450 | D:2      | Noticed a hand axe
  1450 | D:2      | Noticed a hand axe
  1456 | D:2      | Found a hide-covered altar of Uskayaw.
  1536 | D:2      | Became a worshipper of Uskayaw the Reveler
  1581 | D:2      | Reached * piety under Uskayaw
  1616 | D:2      | Reached ** piety under Uskayaw
  1624 | D:2      | Reached skill level 1 in Short Blades
  1940 | D:2      | Gained mutation: Your natural rate of healing is unusually fast. [Vine Stalker growth]
  1940 | D:2      | Reached XP level 4. HP: 23/23 MP: 4/8
  1950 | D:2      | Reached skill level 4 in Stealth
  2660 | D:3      | Found a burning altar of Makhleb.
  2821 | D:3      | Found a hazy altar of Hepliaklqana.
  2900 | D:3      | Noticed a phantom
  2985 | D:2      | Killed a phantom
  2985 | D:2      | Reached skill level 1 in Invocations
  2985 | D:2      | Reached XP level 5. HP: 17/27 MP: 1/9
  3252 | D:3      | Reached XP level 6. HP: 32/32 MP: 10/10
  3290 | D:3      | Noticed Robin
  3316 | D:3      | Reached skill level 5 in Stealth
  3330 | D:3      | Reached *** piety under Uskayaw
  3344 | D:3      | Reached **** piety under Uskayaw
  3350 | D:3      | Killed Robin
  4047 | D:3      | Found an opulent altar of Gozag.
  4048 | D:3      | Found a glowing silver altar of Zin.
  4269 | D:4      | Reached XP level 7. HP: 34/36 MP: 7/11
  4785 | D:4      | Got a crude scale mail
  4796 | D:4      | Identified the +4 scale mail of Neicithra {Dex+4} (You found it on level 4 of the Dungeon)
  4990 | D:4      | Noticed Grinder
  5005 | D:4      | Killed Grinder
  5005 | D:4      | Reached skill level 1 in Armour
  5005 | D:4      | Reached skill level 6 in Stealth
  5116 | D:5      | Entered Level 5 of the Dungeon
  5129 | D:5      | Gained mutation: You have razor-sharp teeth. [Vine Stalker growth]
  5129 | D:5      | Reached XP level 8. HP: 42/42 MP: 10/12
  5136 | D:5      | Reached ***** piety under Uskayaw
  5467 | D:6      | Reached skill level 7 in Stealth
  5833 | D:6      | Found an ancient bone altar of Kikubaaqudgha.
  5834 | D:6      | Found a deep blue altar of Sif Muna.
  5836 | D:6      | Found a radiant altar of Vehumet.
  5844 | D:6      | Identified Sif Muna's Compendium of Aid
  5859 | D:6      | Reached XP level 9. HP: 32/46 MP: 13/13
  6295 | D:7      | Reached skill level 5 in Fighting
  6379 | D:7      | Got a spiked scale mail
  6390 | D:7      | Identified the cursed +0 scale mail "Aceozipn" {rF++ Str+3 Dex-4} (You found it on level 7 of the Dungeon)
  6634 | D:7      | Reached skill level 8 in Stealth
  6919 | D:7      | Reached skill level 5 in Short Blades
  6919 | D:7      | Reached skill level 5 in Invocations
  7198 | D:7      | Found a staircase to the Ecumenical Temple.
  7577 | D:8      | Noticed Noxor's ghost (novice SpEn)
  7586 | D:8      | Noticed a two-headed ogre
  7688 | D:8      | Killed a two-headed ogre
  7688 | D:8      | Reached skill level 9 in Stealth
  7688 | D:8      | Reached XP level 10. HP: 42/53 MP: 13/15
  7996 | D:8      | Killed Noxor's ghost
  8244 | D:9      | Noticed Joseph
  8264 | D:9      | Killed Joseph
  8501 | D:8      | Reached skill level 5 in Armour
  8501 | D:8      | Reached skill level 10 in Stealth
  8617 | D:8      | Found a staircase to the Lair.
  8991 | D:9      | Reached XP level 11. HP: 35/58 MP: 12/17
  9064 | D:9      | Paralysed by a hornet for 1 turns
  9072 | D:9      | Paralysed by a hornet for 1 turns
  9624 | D:9      | Found a shimmering altar of Xom.
  9624 | D:9      | Found a shattered altar of Ashenzari.
  9631 | D:9      | Found an iron altar of Okawaru.
  9666 | D:9      | Reached ****** piety under Uskayaw
  9683 | D:9      | Found a stormy altar of Qazlal.
  9684 | D:9      | Found a shadowy altar of Dithmenos.
  9737 | D:10     | Entered Level 10 of the Dungeon
  9833 | D:10     | Noticed a two-headed ogre
  9847 | D:10     | Killed a two-headed ogre
 10049 | D:10     | Reached skill level 11 in Stealth
 10067 | D:10     | Found a staircase to the Orcish Mines.
 10613 | D:10     | Noticed a cyclops
 10625 | D:10     | Killed a cyclops
 10664 | D:10     | Gained mutation: Your magical capacity is low. (-10% MP) [potion of mutation]
 10664 | D:10     | Gained mutation: You are partially covered in large bone plates. (SH +4) [potion of mutation]
 10881 | D:10     | Noticed a flayed ghost
 10898 | D:10     | Killed a flayed ghost
 10953 | D:10     | Got a clouded turquoise ring
 10955 | D:10     | Identified the ring "Viffes" {rN+ MR+ Int+6} (You found it on level 10 of the Dungeon)
 11050 | Lair:1   | Entered Level 1 of the Lair of Beasts
 11085 | Lair:1   | Noticed an oklob plant
 11112 | Lair:1   | Gained mutation: You heal very quickly. [Vine Stalker growth]
 11112 | Lair:1   | Reached XP level 12. HP: 56/64 MP: 14/17
 11157 | Lair:1   | Noticed Fannar
 11218 | Lair:1   | Killed Fannar
 11346 | Lair:1   | Noticed Sonja
 11353 | Lair:1   | Killed Sonja
 11769 | Lair:2   | Found a staircase to the Snake Pit.
 11834 | Lair:2   | Reached skill level 12 in Stealth
 11834 | Lair:2   | HP: 2/65 [poisoned by a spiny frog]
 12460 | Lair:2   | Got an ichor-stained ring mail
 12497 | Lair:2   | Identified the cursed +0 ring mail of the Sea {rCorr Str+2 Stlth+} (You found it on level 2 of the Lair of Beasts)
 13205 | Lair:3   | Noticed Gastronok
 13212 | Lair:3   | Noticed a five-headed hydra
 13482 | Lair:3   | Killed a five-headed hydra
 13598 | Lair:3   | Banished Gastronok
 13598 | Lair:3   | Reached XP level 13. HP: 70/70 MP: 19/19
 13724 | Lair:3   | Found a staircase to the Swamp.
 13886 | Lair:3   | Reached skill level 5 in Dodging
 14943 | Lair:4   | Reached skill level 13 in Stealth
 15455 | Lair:5   | Found a runed door.
 15534 | Lair:5   | Learned a level 3 spell: Ozocubu's Armour
 15538 | Lair:5   | Learned a level 3 spell: Regeneration
 15796 | Lair:5   | Reached skill level 10 in Invocations
 15930 | Lair:5   | Identified a scroll of acquirement
 15933 | Lair:5   | Got a crystal quick blade
 15934 | Lair:5   | Identified the +1 quick blade of Innocence {flame, rF- Int+8 Stlth+} (You acquired it on level 5 of the Lair of Beasts)
 16113 | Lair:5   | Found a viscous altar of Jiyva.
 16113 | Lair:5   | Found a staircase to the Slime Pits.
 16349 | Lair:6   | Entered Level 6 of the Lair of Beasts
 16806 | Lair:6   | Reached XP level 14. HP: 75/75 MP: 20/20
 16975 | Lair:6   | Noticed surr's ghost (journeyman NaAE)
 17372 | Orc:1    | Entered Level 1 of the Orcish Mines
 17443 | Orc:2    | Entered Level 2 of the Orcish Mines
 17444 | Orc:2    | Noticed an orc warlord
 17465 | Orc:2    | Killed an orc warlord
 17728 | Orc:2    | Found a staircase to the Elven Halls.
 17864 | Orc:2    | Found Ceusmas's Magic Scroll Shoppe.
 17874 | Orc:2    | Found Bymim's Distillery.
 18247 | Orc:1    | Noticed Nergalle
 18252 | Orc:1    | Killed Nergalle
 18339 | Orc:1    | Found a deep blue altar of Sif Muna.
 18550 | Orc:2    | Gained mutation: You are weak. (Str -2) [a neqoxec]
 18569 | Orc:2    | Reached skill level 10 in Short Blades
 18874 | Orc:2    | Reached skill level 10 in Fighting
 18902 | Orc:2    | Bought 2 potions of invisibility for 224 gold pieces
 18902 | Orc:2    | Bought a potion of berserk rage for 70 gold pieces
 18902 | Orc:2    | Bought a potion of curing for 42 gold pieces
 18904 | Orc:2    | Bought a scroll of teleportation for 36 gold pieces
 18904 | Orc:2    | Bought a scroll of blinking for 90 gold pieces
 18904 | Orc:2    | Bought a scroll of teleportation for 36 gold pieces
 19223 | Orc:2    | Reached skill level 14 in Stealth
 19818 | Orc:2    | Found Liosauna's Antique Weapon Shop.
 19818 | Orc:2    | Found a one-way gate leading to the halls of Pandemonium.
 19818 | Orc:2    | Found Apanieb's Book Boutique.
 20117 | D:11     | Noticed Psyche
 20122 | D:11     | Killed Psyche
 20448 | D:12     | Lost mutation: Your magical capacity is low. (-10% MP) [potion of mutation]
 20448 | D:12     | Lost mutation: You are weak. (Str -2) [potion of mutation]
 20448 | D:12     | Lost mutation: You are partially covered in large bone plates. (SH +4) [potion of mutation]
 20448 | D:12     | Gained mutation: Your spells are a little easier to cast, but a little less powerful. [potion of mutation]
 20448 | D:12     | Gained mutation: You are somewhat resistant to further mutation. [potion of mutation]
 21070 | D:13     | Noticed Snorg
 21150 | D:13     | Reached skill level 1 in Evocations
 21225 | D:13     | Found a labyrinth entrance.
 21234 | Lab      | Entered a labyrinth
 21456 | Lab      | Reached XP level 15. HP: 70/81 MP: 24/24
 22232 | D:13     | Found a transporter.
 22236 | D:13     | Found the heavily jewelled robe
 22238 | D:13     | Found a deep blue altar of Sif Muna.
 22843 | D:14     | Found a gate to the Vaults.
 22877 | D:14     | Identified the Guide on the Volcanoes and Black Secrets
 23275 | D:14     | Found a portal to a secret trove of treasure.
 23635 | D:14     | Learned a level 1 spell: Apportation
 23641 | D:14     | Learned a level 5 spell: Alistair's Intoxication
 23703 | D:15     | Entered Level 15 of the Dungeon
 24122 | D:15     | Reached skill level 15 in Stealth
 24293 | D:15     | Noticed Roak's ghost (adept GrEE)
 24329 | D:15     | Killed Roak's ghost
 25014 | D:15     | Found a blossoming altar of Fedhas.
 25093 | D:15     | Found a staircase to the Depths.
 25122 | D:15     | Reached XP level 16. HP: 87/87 MP: 25/25
 25970 | Lair:6   | Banished surr's ghost
 26321 | Swamp:1  | Entered Level 1 of the Swamp
 26583 | Swamp:1  | Noticed Kirke
 26598 | Swamp:1  | Killed Kirke
 26598 | Swamp:1  | Reached skill level 10 in Armour
 26847 | Swamp:1  | Noticed Louise
 26856 | Swamp:1  | Killed Louise
 26858 | Swamp:1  | Got a spiked large shield
 26895 | Swamp:1  | Identified the cursed +0 large shield "Omydon" {rF+ rC+} (You took it off Louise on level 1 of the Swamp)
 26897 | Swamp:1  | Found a runed door.
 27070 | Swamp:1  | Paralysed by a hornet for 3 turns
 27073 | Swamp:1  | HP: 3/87 [shambling mangrove (6)]
 27420 | Swamp:2  | You fall through a shaft!
 27541 | Swamp:3  | Reached skill level 5 in Evocations
 27548 | Swamp:3  | Reached skill level 1 in Shields
 28440 | Swamp:2  | Identified the +0 chain mail of the Nexus {MR- Dex+3 SInv} (You found it on level 2 of the Swamp)
 28864 | Swamp:4  | Entered Level 4 of the Swamp
 29352 | Swamp:4  | Reached skill level 16 in Stealth
 29536 | Swamp:4  | Reached XP level 17. HP: 86/93 MP: 27/27
 29540 | Swamp:4  | Noticed a tentacled monstrosity
 29566 | Swamp:4  | Killed a tentacled monstrosity
 29766 | Swamp:4  | Got a decaying rune of Zot
 30256 | Swamp:1  | Identified the +2 robe of Apathy {rCorr} (You found it on level 1 of the Swamp)
 30660 | Orc:2    | Found a staircase to the Elven Halls.
 30728 | Orc:2    | Found Ceusmas's Magic Scroll Shoppe.
 30730 | Orc:2    | Found Bymim's Distillery.
 31112 | Orc:2    | Found Apanieb's Book Boutique.
 31112 | Orc:2    | Found a one-way gate leading to the halls of Pandemonium.
 31112 | Orc:2    | Found Liosauna's Antique Weapon Shop.
 31310 | Vaults:1 | Entered Level 1 of the Vaults
 31310 | Vaults:1 | Found Iwiumm's Gadget Emporium.
 31314 | Vaults:1 | Bought a box of beasts for 260 gold pieces
 32502 | Vaults:1 | Reached skill level 5 in Shields
 32911 | Vaults:1 | Reached XP level 18. HP: 65/98 MP: 20/28
 36001 | Vaults:3 | Reached XP level 19. HP: 80/104 MP: 28/30
 36488 | Vaults:3 | Found a staircase to the Crypt.
 36691 | Vaults:3 | Reached skill level 17 in Stealth
 36940 | Vaults:3 | Found Wieho's Gadget Shoppe.
 37394 | Vaults:3 | Bought a box of beasts for 340 gold pieces
 37394 | Vaults:3 | Bought a phantom mirror for 510 gold pieces
 37394 | Vaults:3 | Bought a box of beasts for 340 gold pieces
 37394 | Vaults:3 | Bought a phantom mirror for 510 gold pieces
 38512 | Vaults:4 | Got a shimmering shield
 38523 | Vaults:4 | Identified the +2 shield "Icoeros" {+Fly} (You acquired it on level 4 of the Vaults)
 39333 | Elf:1    | Entered Level 1 of the Elven Halls
 39343 | Elf:1    | Gained mutation: You are weak. (Str -2) [a neqoxec]
 39359 | Elf:1    | Reached skill level 10 in Shields
 39540 | Elf:1    | Found Qaaduu's Assorted Antiques.
 40007 | Elf:1    | Reached skill level 18 in Stealth
 40593 | Elf:1    | Identified the +8 short sword "Nynair" {holy, rElec Dex+3} (You found it on level 1 of the Elven Halls)
 40766 | Elf:1    | Reached XP level 20. HP: 95/112 MP: 26/31
 41113 | Elf:2    | Reached skill level 10 in Evocations
 41404 | Elf:2    | Found a runed gate.
 41404 | Elf:2    | Found a runed gate.
 41404 | Elf:2    | Found a runed gate.
 41543 | Elf:3    | Entered Level 3 of the Elven Halls
 41547 | Elf:3    | Noticed Nikola
 41798 | Elf:3    | Found Hice's Assorted Antiques.
 41862 | Elf:3    | Bought an ancient ring mail for 279 gold pieces
 41862 | Elf:3    | Bought a potion of might for 124 gold pieces
 41862 | Elf:3    | Identified the +0 ring mail of the Buccaneer {rC- rCorr SInv} (You bought it in a shop on level 3 of the Elven Halls)
 41955 | Elf:3    | Lost mutation: You are weak. (Str -2) [potion of mutation]
 41955 | Elf:3    | Lost mutation: Your spells are a little easier to cast, but a little less powerful. [potion of mutation]
 41955 | Elf:3    | Lost mutation: You are somewhat resistant to further mutation. [potion of mutation]
 41955 | Elf:3    | Gained mutation: Your magical capacity is low. (-10% MP) [potion of mutation]
 41955 | Elf:3    | Gained mutation: You are partially covered in molten scales. (AC +2) [potion of mutation]
 41956 | Elf:3    | Lost mutation: You are partially covered in molten scales. (AC +2) [potion of mutation]
 41956 | Elf:3    | Lost mutation: Your magical capacity is low. (-10% MP) [potion of mutation]
 41956 | Elf:3    | Gained mutation: You are partially covered in large bone plates. (SH +4) [potion of mutation]
 41956 | Elf:3    | Gained mutation: You occasionally shout uncontrollably at your foes. [potion of mutation]
 41956 | Elf:3    | Gained mutation: You possess an exceptional clarity of mind. [potion of mutation]
 41956 | Elf:3    | Gained mutation: You have sharp toenails. [potion of mutation]
 42098 | Elf:3    | Bought a potion of mutation for 248 gold pieces
 42098 | Elf:3    | Lost mutation: You possess an exceptional clarity of mind. [potion of mutation]
 42098 | Elf:3    | Lost mutation: You occasionally shout uncontrollably at your foes. [potion of mutation]
 42098 | Elf:3    | Lost mutation: You are partially covered in large bone plates. (SH +4) [potion of mutation]
 42098 | Elf:3    | Lost mutation: You have sharp toenails. [potion of mutation]
 42098 | Elf:3    | Gained mutation: You are agile. (Dex +2) [potion of mutation]
 42098 | Elf:3    | Gained mutation: You tend to lose your temper in combat. [potion of mutation]
 42098 | Elf:3    | Gained mutation: Your flesh is heat resistant. (rF+) [potion of mutation]
 42259 | Elf:3    | Noticed Asterion
 42269 | Elf:3    | Banished Asterion
 42451 | Elf:3    | Reached skill level 19 in Stealth
 42470 | Elf:3    | Noticed a Brimstone Fiend
 43036 | Elf:3    | Reached skill level 15 in Fighting
 43142 | Elf:3    | Shot with an arrow by a deep elf master archer

Skill      XL: |  1  2  3  4  5  6  7  8  9 10 11 12 13 14 15 16 17 18 19 20 |
---------------+-------------------------------------------------------------+-----
Stealth        | 3 4 5 6 7 9 10 11 12 13 14 15 16 18 19 | 19.2
Fighting       | 1 2 3 4 5 6 7 8 9 10 11 12 13 14 15 | 15.0
Short Blades   | 1 2 3 4 5 6 7 8 9 10 11 12 | 12.0
Invocations    | 1 2 3 4 5 7 8 9 10 11 12 13 14 | 14.1
Armour         | 1 2 4 5 6 7 8 9 10 | 10.0
Dodging        | 3 4 6 7 8 9 |  9.8
Evocations     | 1 3 5 7 8 9 10 | 10.4
Shields        | 2 5 8 10 11 | 11.5
Spellcasting   | |  2.1
Conjurations   | |  4.0

Action                   |  1- 3 |  4- 6 |  7- 9 | 10-12 | 13-15 | 16-18 | 19-21 || total
-------------------------+-------+-------+-------+-------+-------+-------+-------++-------
Melee: Unarmed           |    13 |       |       |       |       |       |       ||    13
       Bite              |    13 |    62 |   113 |   299 |   532 |   621 |   358 ||  1998
       Dagger            |    34 |   284 |   313 |   737 |       |       |       ||  1368
       Short sword       |       |       |       |   321 |  1667 |  1728 |   989 ||  4705
 Cast: Magic Dart        |    68 |    77 |       |       |       |    10 |     3 ||   158
       Regeneration      |       |       |       |       |       |     2 |     1 ||     3
Invok: Line Pass         |       |       |     1 |       |       |       |       ||     1
       Grand Finale      |       |       |       |       |     2 |     3 |     3 ||     8
 Abil: Evoke Flight      |       |       |       |     1 |       |       |     1 ||     2
Evoke: Wand              |       |       |     3 |    19 |     8 |    11 |    20 ||    61
       Box of beasts     |       |       |       |       |       |     2 |     4 ||     6
  Use: Potion            |       |     2 |     1 |    13 |     7 |     9 |     9 ||    41
       Scroll            |       |       |    17 |    13 |    24 |    15 |    11 ||    80
 Stab: Sleeping          |     3 |     4 |    15 |    21 |    57 |    32 |    24 ||   156
       Paralysed         |       |     2 |     7 |    34 |    77 |   110 |    72 ||   302
       Distracted        |       |       |       |     1 |    10 |     7 |     6 ||    24
       Confused          |       |       |       |       |     4 |     1 |       ||     5
       Invisible         |       |       |       |       |     2 |     3 |       ||     5
  Eat: Chunk             |     4 |    13 |    12 |    10 |    26 |    27 |    19 ||   111
       Ration            |       |     1 |       |     2 |     5 |     4 |     2 ||    14
Armor: Robe              |    11 |    33 |     8 |       |       |       |       ||    52
       Skin              |       |    61 |       |     4 |       |       |       ||    65
       Scale mail        |       |       |    99 |   351 |   272 |    87 |       ||   809
       Ring mail         |       |       |       |    30 |   134 |       |       ||   164
       Swamp dragon scal |       |       |       |       |       |   251 |   182 ||   433
Dodge: Dodged            |    51 |   140 |   102 |   333 |   785 |   903 |   267 ||  2581
Block: Other             |       |       |       |    47 |    77 |       |       ||   124
       Buckler           |       |       |       |       |       |   211 |       ||   211
       Shield            |       |       |       |       |       |    46 |   337 ||   383
